 Dungeon Crawl Stone Soup version 0.17.1-2-g5865329 (webtiles) character file.

8603 Peloso the Blocker (level 11, -3/97 HPs)
             Began as a Minotaur Fighter on Feb 14, 2016.
             Was a Priest of Okawaru.
             Slain by a hell knight
             ... wielding a +2 glaive of pain
              (10 damage)
             ... on level 10 of the Dungeon.
             The game lasted 00:42:19 (10923 turns).

Peloso the Blocker (Minotaur Fighter)              Turns: 10923, Time: 00:42:19

Health: -3/97      AC: 18    Str: 26    XL:     11   Next: 12%
Magic:  9/10       EV: 11    Int:  5    God:    Okawaru [***...]
Gold:   369        SH: 13    Dex: 11    Spells: 0 memorised, 10 levels left

rFire  + . .     SeeInvis .     a - +0 long sword
rCold  . . .     Clarity  .     n - +1 chain mail {rF+}
rNeg   . . .     SustAt   .     c - +0 shield
rPois  .         Gourm    .     (helmet restricted)
rElec  .         Spirit   .     O - +0 cloak
rCorr  .         Warding  .     K - +0 pair of gloves
rMut   .         Stasis   .     w - +1 pair of boots
MR     .....                    (no amulet)
Stlth  ..........               I - +3 ring of strength
                                i - ring of flight

@: heroism, flying, very heavily drained, not resistant to hostile enchantments,
extremely unstealthy
A: retaliatory headbutt, horns 2
a: Heroism, Renounce Religion, Stop Flying


You were on level 10 of the Dungeon.
You worshipped Okawaru.
Okawaru was most pleased with you.
You were not hungry.

You visited 2 branches of the dungeon, and saw 11 of its levels.
You also visited: Sewer and Ossuary.

You collected 369 gold pieces.

Inventory:

Hand Weapons
 a - a +0 long sword (weapon)
Armour
 c - a +0 shield (worn)
 n - a +1 chain mail of fire resistance (worn)
 w - a +1 pair of boots (worn)
 K - a +0 pair of gloves (worn)
 O - a +0 cloak (worn)
Jewellery
 i - a ring of flight (left hand)
 j - a +6 ring of evasion
 x - a +4 ring of evasion
 I - a +3 ring of strength (right hand)
 L - an uncursed amulet of stasis
Wands
 p - a wand of fireball (13)
 A - a wand of fireball (11)
 E - a wand of magic darts (31)
 Q - a wand of frost (18)
 R - a wand of draining (10)
 T - a wand of slowing (25)
Scrolls
 f - 7 scrolls of remove curse
 q - 2 scrolls of enchant weapon {unknown}
 s - a scroll of enchant armour
 u - 2 scrolls of magic mapping
 v - 6 scrolls of teleportation
 J - a scroll of random uselessness {unknown}
 N - a scroll of holy word {unknown}
 V - a scroll of amnesia
 X - a scroll of recharging
Potions
 h - 2 potions of cancellation
 k - 4 potions of curing
 m - 3 potions of haste
 r - 2 potions of brilliance
 C - 6 potions of invisibility
 D - a potion of magic
 G - 3 potions of agility
 H - 6 potions of flight
 P - a potion of mutation {unknown}
 S - a potion of might
Comestibles
 e - 14 bread rations
 g - 5 meat rations
 o - 2 beef jerkies
 M - 17 fruits


   Skills:
 + Level 9.3(10.3) Fighting
 + Level 10.4(11.3) Long Blades
 + Level 9.0(10.0) Armour
 + Level 6.7(7.9) Dodging
 + Level 1.0(2.8) Stealth
 + Level 11.5(12.3) Shields
 + Level 0.6(0.0) Invocations
 + Level 0.5(0.0) Evocations


You had 10 spell levels left.
You didn't know any spells.

Dungeon Overview and Level Annotations

Branches:
Dungeon (10/15)            Temple (1/1) D:6            Lair (0/8) D:8
    Orc: D:9-12

Altars:
Cheibriados
Dithmenos
Elyvilon
Fedhas
Gozag
Kikubaaqudgha
Makhleb
Nemelex Xobeh
Okawaru
Qazlal
Ru
Sif Muna
Trog
Vehumet
Xom
Yredelemnul
Zin
The Shining One

Shops:
D:4 *   D:10 }


Innate Abilities, Weirdness & Mutations

You reflexively headbutt those who attack you in melee.
You have a pair of horns on your head.


Message History

You block the hell knight's attack. You block the hell hound's attack.
You block the hell knight's attack.
The hell hound bites you but does no damage.
The hell knight hits you with a glaive of draining!
* * * LOW HITPOINT WARNING * * *
You feel drained.
* * * LOW HITPOINT WARNING * * *
The hell knight points at you and mumbles some strange words.
You struggle to resist.
Drink which item? (? for menu, Esc to quit)
Okay, then.
The hell hound breathes flames at you. The blast of flame hits you! You resist.
* * * LOW HITPOINT WARNING * * *
The hell knight hits you but does no damage.
You feel drained.
Drink which item? (? for menu, Esc to quit)
You feel better. The hell knight closely misses you.
The hell knight hits you from afar with a glaive of pain!
You die...

#.............# #......# #
#.............######......#
#
#.........................#
#
#.........................#
#
#.........................#
#
#...................#######
# #...................# #
#....#############..# #
#....#.....p.@...#..# #
#....#.###≈≈≈###.#..# #
#....#.#.hhpph.#.#.## #
#....#.#.#####.#.≈.## #
#(...#.#. .#.§..# #
#....#.# #.≈..###### #
#....#.# #.≈........ #
#....#.# #.≈........ #
#....#.# #.#.#...... #


You could see 3 hell knights and 2 hell hounds.

Vanquished Creatures
  Erolcha (D:8)
  A hell knight (D:10)
  Pikel (D:6)
  Grinder (D:5)
  The ghost of TugoseryaHuesosov the Ruffian, an amateur DrWz (D:3)
  Eustachio (D:6)
  2 deep elf magi (D:9)
  A wyvern (D:9)
  A basilisk (D:8)
  Menkaure (Ossuary)
  4 hell hounds (D:10)
  Edmund (D:4)
  4 porcupines (D:8)
  Duvessa (D:5)
  3 ice beasts
  3 phantoms
  An ogre (D:6)
  An orc warrior (D:10)
  5 crocodiles
  11 centaurs
  Blork the orc (D:5)
  3 big kobolds
  A wyvern zombie (D:10)
  Dowan (D:5)
  5 scorpions
  4 giant frogs
  3 killer bees (D:8)
  2 jellies
  4 hounds
  2 centaur zombies
  2 crimson imps (D:5)
  3 orc priests
  4 orc wizards
  Crazy Yiuf (D:2)
  2 centaur skeletons
  5 iguanas
  Jessica (D:2)
  Natasha (thrice) (D:3)
  10 worker ants
  A killer bee zombie (D:5)
  9 sheep (D:8)
  3 mummies (Ossuary)
  A worker ant zombie (D:5)
  Robin (D:3)
  10 gnolls
  8 river rats
  A shadow imp (D:6)
  11 adders
  An adder skeleton (D:9)
  3 worms
  10 giant geckos
  22 orcs
  7 giant cockroaches
  2 gnoll zombies (Ossuary)
  21 goblins
  9 hobgoblins
  4 quokkas
  9 bats
  2 giant cockroach zombies (D:5)
  A giant gecko zombie (D:6)
  5 giant newts
  5 gnoll skeletons (Ossuary)
  3 goblin zombies (Ossuary)
  3 hobgoblin skeletons (Ossuary)
  8 jackals
  22 kobolds
  4 kobold skeletons (Ossuary)
  3 kobold zombies (Ossuary)
  2 orc skeletons (Ossuary)
  An orc zombie (Ossuary)
  A quokka skeleton (D:6)
  A quokka zombie (D:7)
  14 rats
  2 rat skeletons (Ossuary)
  3 rat zombies (Ossuary)
315 creatures vanquished.

Vanquished Creatures (others)
  2 gnoll zombies (Ossuary)
  A quokka (D:8)
  A giant cockroach (D:6)
  A gnoll skeleton (Ossuary)
  A goblin skeleton (Ossuary)
  3 goblin zombies (Ossuary)
  2 hobgoblin skeletons (Ossuary)
  A hobgoblin zombie (Ossuary)
  A kobold skeleton (Ossuary)
  A kobold zombie (Ossuary)
  2 orc skeletons (Ossuary)
  2 orc zombies (Ossuary)
  2 rat skeletons (Ossuary)
  4 rat zombies (Ossuary)
24 creatures vanquished.

Grand Total: 339 creatures vanquished

Notes
Turn   | Place    | Note
--------------------------------------------------------------
     0 | D:1      | Peloso the Minotaur Fighter began the quest for the Orb.
     0 | D:1      | Reached XP level 1. HP: 19/19 MP: 0/0
   197 | D:1      | Reached skill level 4 in Armour
   197 | D:1      | Reached XP level 2. HP: 20/27 MP: 1/1
   528 | D:2      | Reached XP level 3. HP: 30/33 MP: 2/2
   759 | D:2      | Noticed Crazy Yiuf
   766 | D:2      | Killed Crazy Yiuf
   766 | D:2      | Reached skill level 1 in Dodging
   766 | D:2      | Reached XP level 4. HP: 24/40 MP: 3/3
   919 | D:2      | Noticed Jessica
   973 | D:2      | Killed Jessica
   973 | D:2      | Reached XP level 5. HP: 46/46 MP: 4/4
  1123 | D:3      | Noticed TugoseryaHuesosov's ghost (amateur DrWz)
  1125 | D:3      | Noticed Robin
  1131 | D:3      | Paralysed by TugoseryaHuesosov's ghost for 6 turns
  1138 | D:3      | Reached skill level 5 in Armour
  1143 | D:3      | Reached skill level 5 in Shields
  1165 | D:3      | Killed Robin
  1168 | D:3      | Killed TugoseryaHuesosov's ghost
  1168 | D:3      | Reached XP level 6. HP: 16/53 MP: 5/5
  1764 | D:3      | Noticed Natasha
  1775 | D:3      | Killed Natasha
  1911 | D:3      | Noticed Natasha
  1923 | D:3      | Killed Natasha
  1923 | D:3      | Reached XP level 7. HP: 28/60 MP: 6/6
  1931 | D:3      | Noticed Natasha
  1943 | D:3      | Killed Natasha
  2748 | D:4      | Noticed Edmund
  2754 | D:4      | Killed Edmund
  2754 | D:4      | Reached skill level 5 in Fighting
  2754 | D:4      | Reached skill level 6 in Armour
  2803 | D:4      | Found an opulent altar of Gozag.
  2807 | D:4      | Found Gozag's Platinum Reserve.
  2841 | D:4      | Reached skill level 5 in Long Blades
  3119 | D:5      | Entered Level 5 of the Dungeon
  3153 | D:5      | Found a radiant altar of Vehumet.
  3164 | D:5      | Reached XP level 8. HP: 66/68 MP: 7/7
  3192 | D:5      | Reached skill level 7 in Shields
  3249 | D:5      | Noticed Blork the orc
  3259 | D:5      | Killed Blork the orc
  3526 | D:5      | Reached skill level 5 in Dodging
  3580 | D:5      | Noticed Grinder
  3592 | D:5      | Killed Grinder
  3625 | D:5      | Noticed Duvessa
  3627 | D:5      | Noticed Dowan
  3634 | D:5      | Killed Duvessa
  3634 | D:5      | Reached skill level 8 in Shields
  3644 | D:5      | Killed Dowan
  3839 | D:6      | Found a shadowy altar of Dithmenos.
  3842 | D:6      | Reached XP level 9. HP: 78/78 MP: 8/8
  3869 | D:6      | Found an iron altar of Okawaru.
  3906 | D:6      | Became a worshipper of Warmaster Okawaru
  3962 | D:6      | Found a basalt altar of Yredelemnul.
  4038 | D:6      | Noticed Pikel
  4056 | D:6      | Killed Pikel
  4149 | D:6      | Found a glowing drain.
  4172 | Sewer    | Entered a sewer
  4352 | Sewer    | Reached * piety under Okawaru
  4383 | Sewer    | Found a white marble altar of Elyvilon.
  4441 | D:6      | Reached skill level 9 in Shields
  4537 | D:6      | Found a staircase to the Ecumenical Temple.
  4617 | D:6      | Noticed Eustachio
  4636 | D:6      | Killed Eustachio
  4807 | D:6      | Found a stormy altar of Qazlal.
  4814 | D:6      | Found a sparkling altar of Nemelex Xobeh.
  4907 | Temple   | Entered the Ecumenical Temple
  5235 | D:7      | Found a sacrificial altar of Ru.
  5240 | D:7      | Found a sand-covered staircase.
  5257 | Ossuary  | Entered an ossuary
  5490 | Ossuary  | Noticed Menkaure
  5496 | Ossuary  | Killed Menkaure
  5721 | D:7      | Found a sparkling altar of Nemelex Xobeh.
  6135 | D:7      | Reached ** piety under Okawaru
  6446 | D:7      | Reached skill level 10 in Shields
  6742 | D:7      | Reached XP level 10. HP: 83/88 MP: 9/9
  7145 | D:8      | Found a staircase to the Lair.
  7152 | D:8      | Reached *** piety under Okawaru
  7476 | D:8      | Found a blossoming altar of Fedhas.
  7641 | D:8      | Found a white marble altar of Elyvilon.
  7705 | D:8      | Noticed Erolcha
  7722 | D:8      | Killed Erolcha
  7722 | D:8      | Reached skill level 11 in Shields
  8317 | D:9      | Found an iron altar of Okawaru.
  8683 | D:9      | Reached skill level 10 in Long Blades
  8862 | D:9      | Reached **** piety under Okawaru
  9004 | D:10     | Entered Level 10 of the Dungeon
  9165 | D:10     | Found Qurohue's Gadget Shop.
  9740 | D:10     | Reached skill level 1 in Stealth
  9740 | D:10     | Reached XP level 11. HP: 97/97 MP: 7/10
  9773 | D:10     | Noticed a hell knight
  9785 | D:10     | Killed a hell knight
  9898 | D:10     | Noticed a hell knight
  9901 | D:10     | Noticed a hell knight
  9904 | D:10     | Noticed a hell knight
 10269 | D:10     | Noticed a hell knight
 10271 | D:10     | Noticed a hell knight
 10921 | D:10     | HP: 2/97 [hell knight/glaive of draining (5)]
 10923 | D:10     | Slain by a hell knight

Action                   |  1- 3 |  4- 6 |  7- 9 | 10-12 || total
-------------------------+-------+-------+-------+-------++-------
Melee: Long sword        |    85 |   113 |   459 |   324 ||   981
Invok: Heroism           |       |       |       |     7 ||     7
 Abil: Evoke Flight      |       |       |     2 |     4 ||     6
Evoke: Wand              |       |       |     2 |       ||     2
  Use: Scroll            |       |     1 |    14 |     7 ||    22
       Potion            |       |     1 |       |     4 ||     5
  Eat: Chunk             |       |     4 |    16 |     9 ||    29
       Pizza             |       |       |       |     1 ||     1
       Beef jerky        |       |       |       |     2 ||     2
       Royal jelly       |       |       |       |     1 ||     1
